Map: Dead of Night

Players

BunnyLove

  • Race: Terran Terran

DYYooSH

  • Race: Terran Terran
  • Spawn Location: 0:00

VOD

Have the link to the VOD?

Description

Time

  • Played on: March 24, 2018, 11:05 p.m.
  • Length: 16:44
Show
View Real Time Build Order
Export as new Build Order

BunnyLove Terran 

Build Orders:  

Get SALT Encoding   

  12  0:05  Starport Tech Lab  
  12  0:08  SCV  
  13  0:25  SCV  
  13  0:29  Supply Depot  
  15  0:42  SCV  
  16  1:04  SCV  
  16  1:08  Assault Galleon  
  17  1:21  SCV  
  17  1:24  Refinery  
  17  1:34  Refinery  
  17  1:38  SCV  
  18  1:55  SCV  
  18  1:57  Assault Galleon  
  20  2:12  SCV  
  20  2:29  SCV, Assault Galleon  
  21  2:46  SCV  
  23  3:03  SCV  
  23  3:04  Supply Depot  
  23  3:13  Engineering Bay  
  24  3:20  SCV  
  24  3:22  Hellbat  
  26  3:35  Hellbat  
  26  3:37  SCV  
  30  3:54  SCV  
  30  3:57  Armory  
  30  4:03  Reaper  
  30  4:04  Reaper  
  32  4:20  Reaper  
  32  4:22  SCV  
  32  4:27  Reaper x2  
  35  4:32  Jetpack Overdrive  
  35  4:39  SCV  
  36  4:44  Reaper  
  36  4:45  Reaper  
  36  4:46  Reaper  
  38  4:54  Supply Depot  
  38  5:02  Reaper  
  38  5:03  Reaper  
  38  5:06  Reaper  
  41  5:12  Reaper  
  41  5:19  SCV  
  43  5:23  Strike Fighter Platform  
  45  5:35  LE9 Cluster Charges  
  45  5:36  SCV  
  45  5:39  Reaper  
  47  5:43  Reaper  
  49  5:53  SCV  
  49  5:55  Reaper x2  
  51  6:12  Reaper x2  
  51  6:13  Reaper  
  54  6:20  Fusion Core  
  54  6:23  Horner Weapons Level 1  
  54  6:28  Reaper, SCV  
  56  6:38  Reaper  
  56  6:39  Reaper  
  55  6:42  Reaper  
  55  6:45  SCV  
  55  6:48  Reaper x2  
  60  7:03  SCV  
  60  7:06  Strike Fighter Platform  
  62  7:26  Supply Depot  
  62  7:27  Napalm Payload  
  62  7:30  Reaper  
  63  7:56  Reaper x3  
  66  8:06  Reaper x3  
  69  8:12  Supply Depot  
  69  8:14  Strike Fighter Platform  
  69  8:19  SCV  
  76  8:20  Strike Fighter Platform  
  76  8:23  Strike Fighter Platform  
  76  8:24  Reaper x2  
  76  8:25  Reaper  
  79  8:44  Theia Raven  
  79  8:47  Reaper, SCV  
  79  8:48  Reaper x2  
  82  8:57  Reaper  
  82  8:58  Reaper x2  
  85  9:06  Reaper  
  85  9:07  Reaper  
  85  9:08  Reaper  
  88  9:16  Reaper  
  88  9:17  Reaper  
  88  9:18  Reaper  
  90  9:27  Reaper x2  
  90  9:28  Reaper  
  89  9:35  Supply Depot  
  89  9:36  Strike Fighter Platform  
  89  9:37  Reaper  
  89  9:39  Strike Fighter Platform  
  88  9:41  Reaper  
  89  9:50  Reaper x2  
  89  9:53  Reaper  
  92  10:00  Reaper  
  92  10:09  Reaper  
  97  10:10  Reaper  
  97  10:16  Reaper  
  97  10:19  Reaper  
  98  10:20  Strike Fighter Platform  
  98  10:24  Reaper  
  98  10:26  Reaper  
  99  10:35  Reaper x2  
  100  10:51  Reaper  
  100  10:52  Reaper  
  100  10:53  Reaper  
  103  11:01  Reaper  
  103  11:05  Strike Fighter Platform  
  103  11:06  Reaper x2  
  103  11:08  Strike Fighter Platform  
  110  11:20  Supply Depot  
  110  11:23  Reaper  
  111  11:50  Reaper x3  
  113  12:00  Reaper x2  
  114  12:12  Reaper  
  114  12:13  Reaper x2  
  114  12:17  Supply Depot  
  117  12:20  Supply Depot  
  117  12:22  Reaper  
  117  12:23  Reaper x2  
  117  12:29  Assault Galleon  
  120  12:32  Reaper  
  120  12:33  Reaper x2  
  123  12:42  Reaper  
  123  12:43  Reaper x2  
  124  12:52  Reaper x2  
  124  12:53  Reaper  
  126  13:02  Reaper x2  
  126  13:03  Reaper  
  128  13:12  Reaper x2  
  128  13:13  Reaper  
  128  13:22  Reaper x2  
  128  13:23  Reaper  
  128  13:28  Supply Depot  
  127  13:32  Reaper x2  
  127  13:33  Reaper  
  129  13:42  Reaper x3  
  131  13:52  Reaper x2  
  131  14:08  Reaper x2  
  133  14:10  Reaper  
  133  14:18  Reaper x2  
  133  14:20  Reaper  
  133  14:28  Reaper x2  
  130  14:30  Reaper  
  130  14:38  Reaper x2  
  132  14:40  Reaper  
  132  14:48  Reaper x2  
  134  14:50  Reaper  
  134  14:58  Reaper x2  
  134  15:00  Reaper  
  134  15:08  Reaper x2  
  138  15:10  Reaper  
  138  15:18  Theia Raven, Reaper x2  
  142  15:20  Reaper  
  142  15:28  Reaper x2  
  142  15:29  Reaper  
  144  15:30  Reaper  
  144  15:38  Reaper x2  
  144  15:39  Reaper  
  142  15:47  Reaper  
  142  15:48  Reaper  
  142  15:49  Reaper  
  144  15:57  Reaper  
  144  15:58  Reaper  
  144  15:59  Reaper  
  147  16:07  Reaper  
  147  16:08  Reaper  
  147  16:09  Reaper  
  147  16:17  Reaper  
Show
View Real Time Build Order
Export as new Build Order

DYYooSH Terran 

Build Orders:  

Get SALT Encoding   

Tags
 
Commander
HornerRaynor
Matchup
Co-op
Replay Pack
Co-op Speedrun
Add a new tag
Caveats
  • Supply blocks, unpowered buildings, or Contaminate may cause inaccurate times.
  • Supply counts are checked every 10 seconds.